 Dungeon Sprint DCSS version 0.23.2 (webtiles) character file.

Game seed: 14355021834069047778

40427 esteth the Warrior (level 13, -13/108 HPs)
             Began as a Minotaur Gladiator on Apr 6, 2019.
             Was the Champion of Qazlal.
             Killed from afar by a frost giant (22 damage)
             ... with a bolt of cold
             ... in the Dungeon (Sprint V: "Ziggurat Sprint").
             The game lasted 00:10:42 (1538 turns).

esteth the Warrior (Minotaur Gladiator)             Turns: 1538, Time: 00:10:43

Health: -13/108    AC: 37    Str: 35    XL:     13   Next: 74%
Magic:  8/22       EV:  9    Int:  5    God:    Qazlal [******]
Gold:   0          SH: 37    Dex: 16    Spells: 12/12 levels left

rFire    . . .     SeeInvis .   L - +6 shillelagh "Devastator" {shatter}
rCold    + . .     Gourm    .   I - +18 shield of the Gong {rElec rN+ MR+ EV-5}
rNeg     + . .     Faith    .   H - +15 Maxwell's patent armour {-Cast -Tele rElec MR+ rCorr}
rPois    .         Spirit   .   c - +0 hat
rElec    +         Reflect  .   (no cloak)
rCorr    +         Harm     .   X - +1 pair of gloves {Str+3}
MR       ++...     NoTele   +   T - +1 pair of boots {run} Stlth ..........NoCast +
                                (no amulet)
HPRegen  0.28/turn              B - +6 ring of strength
MPRegen  0.18/turn              C - +6 ring of strength

@: protected from cold, hasted, studying 2 skills, repel missiles, very quick
A: retaliatory headbutt, horns 2, frail 2
a: Upheaval, Elemental Force, Disaster Area, Renounce Religion


You were in the Dungeon.
You worshipped Qazlal.
Qazlal was exalted by your worship.
You were near starving.

You visited 1 branch

Inventory:

Hand Weapons
 a - a +0 war axe
 J - the +7 Singing Sword {slice, sonic wave}
   (You found it in the Dungeon)

   It inflicts extra damage upon your enemies.
 K - the +8 lance "Wyrmbane" {slay drac, rPois rF+ rC+ AC+3}
   (You found it in the Dungeon)

   It affects your AC (+3).
   It protects you from fire.
   It protects you from cold.
   It protects you from poison.
 L - the +6 shillelagh "Devastator" (weapon) {shatter}
   (You found it in the Dungeon)
 M - the +9 heavy crossbow "Sniper" {velocity, Acc+∞ SInv}
   (You found it in the Dungeon)

   Any bolt fired from it inflicts extra damage.
   It lets you see invisible.
 N - the +8 trident of Valiance {speed, Stlth+}
   (You found it in the Dungeon)

   Attacks with this weapon are significantly faster.
   It makes you more stealthy.
Missiles
 d - 3 throwing nets (quivered)
Armour
 c - a +0 hat (worn)
 H - the +15 Maxwell's patent armour (worn) {-Cast -Tele rElec MR+ rCorr}
   (You found it in the Dungeon)

   It insulates you from electricity.
   It affects your resistance to hostile enchantments.
   It prevents spellcasting.
   It prevents most forms of teleportation.
   It provides partial protection from all sources of acid and corrosion.
 I - the +18 shield of the Gong (worn) {rElec rN+ MR+ EV-5}
   (You found it in the Dungeon)

   It affects your evasion (-5).
   It insulates you from electricity.
   It protects you from negative energy.
   It affects your resistance to hostile enchantments.
 T - a +1 pair of boots of running (worn)
 X - a +1 pair of gloves of strength (worn)
Jewellery
 o - the ring of the Mage {Wiz MR++ Int+3}
   (You found it in the Dungeon)

   [ring of wizardry]

   It improves your spell success rate.
   It affects your intelligence (+3).
   It affects your resistance to hostile enchantments.
 y - the ring "Copnaqifi" {MP+9 AC+3}
   (You found it in the Dungeon)

   [ring of protection]

   It affects your AC (+3).
   It affects your magic capacity (+9).
 z - an uncursed ring of ice
 A - an uncursed ring of stealth
 B - a +6 ring of strength (left hand)
 C - a +6 ring of strength (right hand)
 G - an uncursed ring of ice
 O - the amulet of Noon {Harm *Drain rElec MR+ Str+5}
   (You found it in the Dungeon)

   [amulet of harm]

   It increases damage dealt and taken.
   It affects your strength (+5).
   It insulates you from electricity.
   It affects your resistance to hostile enchantments.
   It causes draining when unequipped.
 Q - an uncursed ring of protection from fire
 R - the ring of Crawling {Ice MR+ Str+3}
   (You found it in the Dungeon)

   [ring of ice]

   It enhances your ice magic.
   It affects your strength (+3).
   It makes you vulnerable to fire.
   It protects you from cold.
   It affects your resistance to hostile enchantments.
 S - the ring "Gajel" {+Fly rElec rPois rC- rN+}
   (You found it in the Dungeon)

   [ring of positive energy]

   It makes you vulnerable to cold.
   It insulates you from electricity.
   It protects you from poison.
   It protects you from negative energy.
   It lets you fly.
 V - a +2 ring of strength
 Y - a +2 ring of protection
 Z - the ring of Ru's Indignation {Int+4 Stlth-}
   (You found it in the Dungeon)

   [ring of attention]

   It affects your intelligence (+4).
   It makes you less stealthy.
Wands
 D - a wand of disintegration (7)
 E - a wand of iceblast (7)
 F - a wand of acid (7)
Scrolls
 k - 4 scrolls of blinking
 r - 4 scrolls of amnesia
 s - 7 scrolls of fog
 t - 3 scrolls of holy word
 u - 5 scrolls of identify
 v - 5 scrolls of remove curse
 w - 2 scrolls of fear
 W - 2 scrolls of brand weapon
Potions
 e - 10 potions of curing
 g - 10 potions of heal wounds
 h - 8 potions of haste
 i - 7 potions of magic
 j - 3 potions of berserk rage
 l - 2 potions of brilliance
 m - 2 potions of invisibility
 n - 4 potions of resistance
 p - 6 potions of agility
 q - 5 potions of might
Books
 b - a manual of Slings
 x - a manual of Shields
Miscellaneous
 P - a fan of gales
 U - a lamp of fire
Comestibles
 f - 8 rations


   Skills:
 - Level 18.4 Fighting
 - Level 14.4(16.3) Axes
 - Level 13.1(15.6) Maces & Flails
 - Level 9.6 Throwing
 - Level 15.6 Armour
 - Level 10.7 Dodging
 - Level 4.2 Shields
 + Level 14.6 Invocations
 - Level 10.4 Evocations


You had 12 spell levels left.
You didn't know any spells.
Your spell library contained the following spells:

 Spells                   Type           Power        Failure   Level  Hunger
 Apportation              Tloc           #.....       100%        1    ##.....
 Confusing Touch          Hex            #.....       100%        1    ##.....
 Corona                   Hex            #......      100%        1    ##.....
 Freeze                   Ice            #...         100%        1    ##.....
 Pain                     Necr           #...         100%        1    ##.....
 Sting                    Conj/Pois      #...         100%        1    ##.....
 Summon Butterflies       Summ           #.......     100%        1    ##.....
 Summon Small Mammal      Summ           #...         100%        1    ##.....
 Call Imp                 Summ           #.......     100%        2    ###....
 Corpse Rot               Necr           N/A          100%        2    ###....
 Ensorcelled Hibernation  Hex/Ice        #.....       100%        2    ###....
 Sublimation of Blood     Necr           #.........   100%        2    ###....
 Throw Frost              Conj/Ice       #.....       100%        2    ###....
 Call Canine Familiar     Summ           #.......     100%        3    ####...
 Confuse                  Hex            #.......     100%        3    ####...
 Dazzling Spray           Conj/Hex       #.....       100%        3    ####...
 Gell's Gravitas          Tloc           #.........   100%        3    ####...
 Inner Flame              Hex/Fire       #.......     100%        3    ####...
 Lesser Beckoning         Tloc           #.........   100%        3    ####...
 Ozocubu's Armour         Chrm/Ice       #.......     100%        3    ####...
 Portal Projectile        Hex/Tloc       #.....       100%        3    ####...
 Summon Guardian Golem    Hex/Summ       #.......     100%        3    ####...
 Tukima's Dance           Hex            #.......     100%        3    ####...
 Cause Fear               Hex            #.........   100%        4    #####..
 Force Lance              Conj/Tloc      #.......     100%        4    #####..
 Ice Form                 Ice/Tmut       #.......     100%        4    #####..
 Summon Ice Beast         Ice/Summ       #.......     100%        4    #####..
 Summon Lightning Spire   Summ/Air       #.......     100%        4    #####..
 Throw Icicle             Conj/Ice       #.......     100%        4    #####..
 Agony                    Necr           #.......     100%        5    ######.
 Alistair's Intoxication  Tmut/Pois      #.......     100%        5    ######.
 Aura of Abjuration       Summ           #.........   100%        5    ######.
 Bolt of Draining         Conj/Necr      #.........   100%        5    ######.
 Dispel Undead            Necr           #.......     100%        5    ######.
 Excruciating Wounds      Chrm/Necr      #.........   100%        5    ######.
 Iskenderun's Battlesphe  Conj/Chrm      #.......     100%        5    ######.
 Silence                  Hex/Air        #.........   100%        5    ######.
 Venom Bolt               Conj/Pois      #.........   100%        5    ######.
 Yara's Violent Unravell  Hex/Tmut       #.........   100%        5    ######.
 Deflect Missiles         Chrm/Air       #.........   100%        6    #######
 Dispersal                Tloc           #.........   100%        6    #######
 Invisibility             Hex            #.......     100%        6    #######
 Ozocubu's Refrigeration  Ice            #.........   100%        6    #######
 Controlled Blink         Tloc           N/A          100%        8    #######
 Discord                  Hex            #.........   100%        8    #######
 Disjunction              Tloc           #.........   100%        8    #######
 Dragon's Call            Summ           #.........   100%        9    #######


Dungeon Overview and Level Annotations

Branches:
Dungeon (1/1)

Altars:
Ashenzari
Cheibriados
Dithmenos
Elyvilon
Fedhas
Gozag
Hepliaklqana
Kikubaaqudgha
Makhleb
Nemelex Xobeh
Okawaru
Qazlal
Ru
Sif Muna
Trog
Uskayaw
Vehumet
Wu Jian
Xom
Yredelemnul
Zin
The Shining One
Beogh
Jiyva
Lugonu

Annotations:
D 1 transporter


Innate Abilities, Weirdness & Mutations

You reflexively headbutt those who attack you in melee.
You have a pair of horns on your head.
You are very frail. (-20% HP)


Message History

The frost giant is heavily wounded.
You block the frost giant's attack.
PTOANNNG!
The frost giant is engulfed in freezing vapours.
You block the frost giant's attack.
SHROANNG!
You feel yourself speed up. The blizzard demon gestures at you.
The bolt of lightning hits you! You resist.
Your resistance to cold fades away.
You feel protected from electricity.
* * * LOW HITPOINT WARNING * * *
You block the frost giant's attack.
SHROANNG!
The frost giant is engulfed in freezing vapours.
The frost giant points at you and mumbles some strange words.
The bolt of cold hits you!!
Your resistance to electricity fades away.
You feel protected from cold.
You die...

▓▓▓▓▓▓▓▓▓▓
▓....8©8....▓▓.8©8.▓.8©
▓..)):):[:..▓▓..[..▓..:
▓..:≈))|)...▓▓..|..▓...
▓...........▓▓.....▓...
▓....≈......▓▓.....▓...
▓...°°°§§...▓▓.....▓...
▓...°°.2°...▓▓..©..▓..©
▓....C@C°...▓▓▓▓▓▓▓▓▓▓▓
▓..▓°.§.☼▓..▓..8©8...▓.
▓...§..°....▓..|.}...▓.
▓.....©.....▓...[....▓.
▓▓▓▓▓▓▓▓▓▓▓▓▓...)....▓.
▓≈≈..8©8.≈.≈▓..)))...▓.
▓..[≈≈[≈)|.≈▓.▓....▓.▓.
▓.≈.)))≈)|.≈▓...©....▓.
▓≈≈...≈≈....▓▓▓▓▓▓▓▓▓▓▓


You could see 2 frost giants and a blizzard demon.

Vanquished Creatures
  An acid blob (D)
  2 nagarajas (D)
  An orc warlord (D)
  A stone giant (D)
  2 blizzard demons (D)
  A merfolk javelineer (D)
  3 merfolk impalers (D)
  3 death oozes (D)
  A great orb of eyes (D)
  A merfolk aquamancer (D)
  A thrashing horror (D)
  2 sea snakes (D)
  An ugly thing (D)
  2 manticores (D)
  An orc sorcerer (D)
  A shining eye (D)
  A guardian serpent (shapeshifter) (D)
  A merfolk siren (D)
  A water nymph (D)
  2 guardian serpents (D)
  2 naga magi (D)
  A komodo dragon (shapeshifter) (D)
  A komodo dragon (D)
  A rime drake (D)
  2 freezing wraiths (D)
  A merfolk (D)
  A troll (D)
  A polar bear (D)
  3 slime creatures (D)
  2 air elementals (D)
  A tarantella (shapeshifter) (D)
  A yak (shapeshifter) (D)
  A water elemental (D)
  A golden eye (D)
  2 yaks (D)
  A warg (shapeshifter) (D)
  A warg (D)
  2 water moccasins (D)
  A porcupine (D)
  2 eyes of draining (D)
  7 orc warriors (D)
  2 phantoms (D)
  2 ice beasts (D)
  An ogre (D)
  A wolf (D)
  A boggart (shapeshifter) (D)
  A crocodile (D)
  3 bullfrogs (D)
  2 crimson imps (D)
  3 quasits (D)
  An iron imp (D)
  2 jellies (D)
  4 orc priests (D)
  4 orc wizards (D)
  3 iguanas (D)
  2 adders (D)
  A river rat (D)
  4 white imps (D)
  An ufetubus (D)
  An adder skeleton (D)
  2 orcs (D)
  A ball python (D)
  A bat skeleton (D)
  A jackal (D)
  A giant cockroach simulacrum (D)
  A quokka skeleton (D)
110 creatures vanquished.

Vanquished Creatures (others)
  A spatial maelstrom (D)
  An insubstantial wisp (D)
2 creatures vanquished.

Grand Total: 112 creatures vanquished

Notes
Turn   | Place    | Note
-------+----------+-------------------------------------------
     0 | D        | Found the +6 Majin-Bo {vamp, Archmagi MP+6 Int+6}
     0 | D        | Found the +7 great mace "Firestarter" {inner flame, rF++}
     0 | D        | esteth the Minotaur Gladiator began the quest for the Orb.
     0 | D        | Reached XP level 1. HP: 18/18 MP: 0/0
     1 | D        | Found a bloodstained altar of Trog.
     1 | D        | Found a deep blue altar of Sif Muna.
     1 | D        | Found a sacrificial altar of Ru.
     1 | D        | Found a stormy altar of Qazlal.
     1 | D        | Found an iron altar of Okawaru.
     2 | D        | Banished a spatial maelstrom
     3 | D        | Found a sparkling altar of Nemelex Xobeh.
     3 | D        | Found a blossoming altar of Fedhas.
     5 | D        | Found a transporter.
     5 | D        | Found an ancient bone altar of Kikubaaqudgha.
     5 | D        | Found a viscous altar of Jiyva.
     5 | D        | Found a corrupted altar of Lugonu.
     5 | D        | Found a hazy altar of Hepliaklqana.
     5 | D        | Found a burning altar of Makhleb.
     5 | D        | Found an opulent altar of Gozag.
    25 | D        | Found the +9 heavy crossbow "Sniper" {velocity, Acc+∞ SInv}
    25 | D        | Found the +10 dark maul {crush}
    25 | D        | Found the +15 Maxwell's patent armour {-Cast -Tele rElec
                  | MR+ rCorr}
    25 | D        | Found the +18 shield of the Gong {rElec rN+ MR+ EV-5}
    25 | D        | Found the cursed +14 obsidian axe {chop, +Fly SInv *Curse}
    42 | D        | Found the +6 shillelagh "Devastator" {shatter}
    42 | D        | Found the +11 plutonium sword {*Contam Stlth-}
    42 | D        | Found the +8 lance "Wyrmbane" {slay drac, rPois rF+ rC+
                  | AC+3}
    42 | D        | Found the +9 sword of Zonguldrok {reap}
    42 | D        | Found the cursed +13 scythe of Curses {drain, *Curse}
    42 | D        | Found the +0 sword of Power
    42 | D        | Found the +7 mace of Variability {chain chaos}
    42 | D        | Found the +7 Singing Sword {slice, sonic wave}
    42 | D        | Found the +7 longbow "Piercer" {penet, EV-2}
    83 | D        | Became a worshipper of Qazlal Stormbringer
    96 | D        | Entered arena 2.
    96 | D        | Noticed a warg
    96 | D        | Noticed a boggart
    96 | D        | Found a transporter.
    97 | D        | Killed a boggart
    97 | D        | Reached skill level 5 in Fighting
    97 | D        | Reached skill level 5 in Dodging
    97 | D        | Reached XP level 2. HP: 29/29 MP: 1/1
    97 | D        | Reached XP level 3. HP: 36/36 MP: 2/2
    97 | D        | Reached XP level 4. HP: 42/42 MP: 3/3
    99 | D        | Killed a warg
    99 | D        | Reached skill level 7 in Fighting
    99 | D        | Reached XP level 5. HP: 52/52 MP: 4/4
   106 | D        | Got the Volume of the Frostbite and Creation
   112 | D        | Entered arena 3.
   112 | D        | Noticed an air elemental
   112 | D        | Noticed an air elemental
   112 | D        | Noticed an insubstantial wisp
   112 | D        | Found a transporter.
   115 | D        | Killed an insubstantial wisp
   120 | D        | Killed an air elemental
   120 | D        | Reached * piety under Qazlal
   120 | D        | Reached skill level 8 in Fighting
   120 | D        | Reached XP level 6. HP: 18/62 MP: 5/5
   121 | D        | Killed an air elemental
   121 | D        | Reached skill level 9 in Fighting
   121 | D        | Reached XP level 7. HP: 21/70 MP: 6/6
   368 | D        | Entered arena 4.
   368 | D        | Noticed a great orb of eyes
   368 | D        | Found a transporter.
   370 | D        | Reached ** piety under Qazlal
   374 | D        | Killed a great orb of eyes
   374 | D        | Reached skill level 11 in Fighting
   374 | D        | Reached skill level 10 in Dodging
   374 | D        | Reached XP level 8. HP: 82/82 MP: 7/7
   387 | D        | Entered arena 5.
   387 | D        | Found a transporter.
   390 | D        | Reached *** piety under Qazlal
   390 | D        | Reached skill level 1 in Armour
   400 | D        | Entered arena 6.
   400 | D        | Found a transporter.
   403 | D        | Reached **** piety under Qazlal
   413 | D        | Got the Handbook of Black Rites and Hexes
   416 | D        | Got the Handbook of the Armadillo
   425 | D        | Entered arena 7.
   425 | D        | Noticed a purple ugly thing
   425 | D        | Noticed a guardian serpent
   425 | D        | Noticed a shining eye
   425 | D        | Noticed a komodo dragon
   427 | D        | Found a transporter.
   428 | D        | Reached skill level 12 in Fighting
   430 | D        | Gained mutation: You are frail. (-10% HP) [a shining eye]
   431 | D        | Killed a komodo dragon
   431 | D        | Reached ***** piety under Qazlal
   431 | D        | Reached skill level 5 in Armour
   431 | D        | Reached XP level 9. HP: 81/81 MP: 3/8
   431 | D        | Killed a purple ugly thing
   431 | D        | Reached skill level 13 in Fighting
   431 | D        | Gained mutation: You are very frail. (-20% HP) [a shining
                  | eye]
   433 | D        | Killed a shining eye
   435 | D        | Killed a guardian serpent
   479 | D        | Got the ring of Crawling {Ice MR+ Str+3}
   491 | D        | Entered arena 8.
   492 | D        | Found a transporter.
   494 | D        | Reached skill level 14 in Fighting
   497 | D        | Reached ****** piety under Qazlal
   550 | D        | Identified a +1 pair of boots of running (You found it in
                  | the Dungeon)
   560 | D        | Entered arena 9.
   560 | D        | Noticed a thrashing horror
   561 | D        | Found a transporter.
   566 | D        | Killed a thrashing horror
   566 | D        | Reached skill level 10 in Armour
   566 | D        | Reached XP level 10. HP: 83/83 MP: 8/10
   583 | D        | Entered arena 10.
   584 | D        | Found a transporter.
   592 | D        | Reached skill level 5 in Maces & Flails
   594 | D        | Reached skill level 15 in Fighting
   631 | D        | Entered arena 11.
   632 | D        | Found a transporter.
   671 | D        | Entered arena 12.
   671 | D        | Noticed an orc warlord
   671 | D        | Noticed a stone giant
   673 | D        | Noticed an orc sorcerer
   675 | D        | Noticed a rust devil
   683 | D        | Noticed a rust devil
   684 | D        | Killed an orc sorcerer
   685 | D        | Reached skill level 5 in Evocations
   690 | D        | Killed a stone giant
   690 | D        | Reached skill level 16 in Fighting
   693 | D        | Killed an orc warlord
   693 | D        | Reached XP level 11. HP: 71/92 MP: 12/15
   696 | D        | Found a transporter.
   709 | D        | Got the amulet of Noon {Harm *Drain rElec MR+ Str+5}
   714 | D        | Got the ring of Ru's Indignation {Int+4 Stlth-}
   721 | D        | Entered arena 13.
   722 | D        | Found the +7 captain's cutlass {speed, disarm}
   722 | D        | Noticed a nagaraja
   722 | D        | Noticed a nagaraja
   723 | D        | Found a transporter.
   731 | D        | Reached skill level 10 in Maces & Flails
   733 | D        | Killed a nagaraja
   733 | D        | Reached skill level 17 in Fighting
   735 | D        | Killed a nagaraja
   762 | D        | Got the ring "Copnaqifi" {MP+9 AC+3}
   770 | D        | Entered arena 14.
   770 | D        | Noticed a death ooze
   770 | D        | Noticed a death ooze
   771 | D        | Noticed a death ooze
   772 | D        | Noticed an acid blob
   773 | D        | Found a transporter.
   777 | D        | Killed a death ooze
   780 | D        | Killed a death ooze
   786 | D        | Killed an acid blob
   786 | D        | Reached skill level 18 in Fighting
   786 | D        | Reached skill level 15 in Armour
   786 | D        | Reached skill level 10 in Evocations
   786 | D        | Reached XP level 12. HP: 67/100 MP: 0/18
   789 | D        | Killed a death ooze
  1015 | D        | Got the +8 trident of Valiance {speed, Stlth+}
  1135 | D        | Entered arena 15.
  1135 | D        | Noticed a merfolk impaler
  1136 | D        | Noticed a merfolk aquamancer
  1136 | D        | Noticed a merfolk javelineer
  1136 | D        | Identified the +11 rapier of Joigat {pierce, +Rage rC++
                  | Str+2}
  1136 | D        | Noticed a merfolk impaler
  1137 | D        | Noticed a merfolk impaler
  1152 | D        | Reached skill level 5 in Invocations
  1152 | D        | Reached XP level 13. HP: 94/108 MP: 19/19
  1160 | D        | Killed a merfolk javelineer
  1160 | D        | Killed a merfolk impaler
  1162 | D        | Found the ring of the Mage {Wiz MR++ Int+3}
  1162 | D        | Reached skill level 10 in Invocations
  1163 | D        | Killed a merfolk impaler
  1167 | D        | Killed a merfolk impaler
  1175 | D        | Found a transporter.
  1519 | D        | Got the ring "Gajel" {+Fly rElec rPois rC- rN+}
  1522 | D        | Entered arena 16.
  1522 | D        | Noticed a blizzard demon
  1522 | D        | Noticed a frost giant
  1523 | D        | Noticed a blizzard demon
  1523 | D        | Noticed a blizzard demon
  1523 | D        | Noticed a frost giant
  1524 | D        | Found the +12 glaive of Prune {chop}
  1525 | D        | Found a transporter.
  1526 | D        | Killed a blizzard demon
  1533 | D        | Killed a blizzard demon
  1538 | D        | Killed from afar by a frost giant

Skill      XL: |  1  2  3  4  5  6  7  8  9 10 11 12 13 |
---------------+----------------------------------------+-----
Fighting       | 5 7 8 9 11 12 14 16 18 | 18.4
Axes           | 6 7 9 11 12 14 | 14.4
Throwing       | 4 6 7 9 |  9.6
Dodging        | 5 7 8 10 | 10.7
Armour         | 5 10 12 15 | 15.6
Maces & Flails | 3 9 12 13 | 13.1
Evocations     | 2 7 10 | 10.4
Shields        | 4 |  4.2
Invocations    | 5 14 | 14.6

Action                   |  1- 3 |  4- 6 |  7- 9 | 10-12 | 13-15 || total
-------------------------+-------+-------+-------+-------+-------++-------
Melee: Shillelagh        |     1 |    10 |    32 |    78 |    31 ||   152
       Headbutt          |     1 |     2 |     9 |    22 |     5 ||    39
Invok: Upheaval          |       |       |     1 |       |       ||     1
       Disaster Area     |       |       |       |       |     2 ||     2
  Use: Potion            |       |       |       |     6 |     1 ||     7
Armor: Plate armour      |       |    13 |     5 |    38 |    18 ||    74
Dodge: Dodged            |       |     2 |       |    15 |     5 ||    22
       Deflected         |       |       |       |     1 |       ||     1
Block: Shield            |       |    22 |    42 |   168 |    54 ||   286
